 Dungeon Crawl Stone Soup version 0.25-a0-86-ga6f17ae7d4 (webtiles) character file.

Game seed: 13198855313041880481, levelgen mode: deterministic

60 D1HalberdGnoll the Sneak (level 4, -9/23 HPs)
             Began as a Vine Stalker Assassin on Nov 9, 2019.
             Mangled by an ogre
             ... wielding a +0 giant club
              (17 damage)
             ... on level 3 of the Dungeon.
             The game lasted 00:02:41 (1684 turns).

D1HalberdGnoll the Sneak (Vine Stalker Assassin)    Turns: 1684, Time: 00:02:41

Health: -9/23      AC:  6    Str: 15    XL:     4   Next: 4%
Magic:  0/5        EV: 10    Int: 11    God:
Gold:   99         SH:  0    Dex: 15    Spells: 3/3 levels left

rFire    . . .     SeeInvis .   a - +2 dagger
rCold    . . .     Gourm    .   (no shield)
rNeg     . . .     Faith    .   h - +0 ring mail
rPois    .         Spirit   +   (no helmet)
rElec    .         Reflect  .   c - +0 cloak
rCorr    .         Harm     .   (no gloves)
MR       .....                  (no boots)
Stlth    +++.......             (no amulet)
HPRegen  0.47/turn              (no ring)
MPRegen  0.09/turn              (no ring)

@: lethally poisoned (-9 -> -10)
A: fangs 2, regeneration 1, magic shield, antimagic bite, no potion heal 3, rot
immunity
a: no special abilities


You were on level 3 of the Dungeon.
You were not hungry.

You visited 1 branch of the dungeon, and saw 3 of its levels.

You collected 99 gold pieces.

Inventory:

Hand Weapons
 a - a +2 dagger (weapon)
Missiles
 d - 9 poisoned darts (quivered)
 e - 2 curare-tipped darts
Armour
 c - a +0 cloak (worn)
 h - a +0 ring mail (worn)
 k - a +0 pair of gloves
Wands
 l - a wand of digging (7)
Scrolls
 j - 6 scrolls of identify {unknown}
 m - a scroll of fog {unknown}
 o - 3 scrolls of teleportation {unknown}
 p - a scroll of magic mapping {unknown}
Potions
 b - a potion of magic {unknown}
 g - 2 potions of brilliance {unknown}
 i - 3 potions of heal wounds {unknown}
 n - a potion of curing {unknown}
Comestibles
 f - 5 rations


   Skills:
 + Level 2.3 Fighting
 + Level 2.4 Short Blades
 - Level 1.7 Throwing
 - Level 0.7 Dodging
 * Level 6.0 Stealth


You had 3 spell levels left.
You didn't know any spells.
Your spell library was empty.

Dungeon Overview and Level Annotations

Branches:
Dungeon (2/15)

Altars:
Trog
The Shining One


Innate Abilities, Weirdness & Mutations

You have extremely sharp teeth.
Your natural rate of healing is unusually fast.
When hurt, damage is shared between your health and your magic reserves.
Your bite disrupts and absorbs the magic of your enemies.
Potions cannot restore your health.
You are immune to rotting.


Message History

You feel sick.
You hit the ogre. You bite the ogre, but do no damage.
The ogre is heavily wounded.
You hit the ogre but do no damage. You bite the ogre. You drain its power.
The ogre is heavily wounded.
The ogre hits you with a +0 giant club!
Ouch! That really hurt!
* * * LOW HITPOINT WARNING * * *
You feel sick.
There is a stone staircase leading up here.
The ball python bites you but does no damage.
The ball python misses you. The ogre closely misses you.
The ball python barely misses you. The ball python grabs you.
You stop ascending the stairs.
* * * LOW HITPOINT WARNING * * *
The ball python constricts you.
You escape the ball python's grasp.
The ogre hits you with a +0 giant club!!
Ouch! That really hurt!
You die...

.....$. #.#
.......### #.#
..._...(.### #.#
K.S........# ##.#
#(# # #..#
#(####..####.##
#.K....# #...###
####OS#######.###.#
#(...@...###..#...#
#.######.##.....#.#
#. #..#.#####.# #
##...# ##..# #
###...# #..## ##
#...#.###)## .8
#.#.......# ..
...###....## .. .##
#.#.##


You could see an ogre, a ball python and a kobold.

Vanquished Creatures
  2 adders (D:3)
  A worm (D:3)
  5 leopard geckos
  2 giant cockroaches
  3 goblins
  7 hobgoblins
  5 bats
  2 frilled lizards (D:1)
  5 kobolds
  2 rats
34 creatures vanquished.

Notes
Turn   | Place    | Note
-------+----------+-------------------------------------------
     0 | D:1      | D1HalberdGnoll the Vine Stalker Assassin began the quest
                  | for the Orb.
     0 | D:1      | Reached XP level 1. HP: 11/11 MP: 2/2
    23 | D:1      | Reached skill level 5 in Stealth
   222 | D:1      | Reached XP level 2. HP: 10/15 MP: 3/3
  1042 | D:2      | Reached XP level 3. HP: 17/18 MP: 4/4
  1346 | D:2      | You fall into a shaft and drop 1 floor!
  1498 | D:3      | Found a glowing golden altar of the Shining One.
  1598 | D:3      | Reached skill level 6 in Stealth
  1598 | D:3      | Gained mutation: Your natural rate of healing is unusually
                  | fast. [Vine Stalker growth]
  1598 | D:3      | Reached XP level 4. HP: 23/23 MP: 5/5
  1670 | D:3      | Found a bloodstained altar of Trog.
  1670 | D:3      | Noticed an ogre
  1684 | D:3      | Mangled by an ogre

Levels and vault maps discovered:
D:1:      sevenhm_arrival_forest_fort_large_4, layout_loops_ring,
          minmay_tetromino_i4
D:2:      layout_loops_cross, supply_closet_lemuel, minmay_puff, uniq_jessica
D:3:      layout_rooms, nicolae_overflow_hidden_temple,
          overflow_temple_1_default, first_ration

Skill      XL: |  1  2  3 |
---------------+----------+-----
Stealth        | 5 6 |  6.0
Fighting       | 2 |  2.3
Short Blades   | 2 |  2.4
Throwing       | |  1.7
Dodging        | |  0.7

Action                   |  1- 3 |  4- 6 || total
-------------------------+-------+-------++-------
Melee: Dagger            |   105 |     7 ||   112
       Bite              |    24 |     3 ||    27
Throw: Dart              |     6 |     8 ||    14
 Stab: Sleeping          |     4 |       ||     4
  Eat: Chunk             |     2 |       ||     2
Armor: Robe              |     7 |       ||     7
       Ring mail         |    29 |     1 ||    30
Dodge: Dodged            |    64 |     5 ||    69

Table legend:
 A = Non-vault XP
 B = Vault XP
 C = Vault XP percentage of total XP
 D = Non-vault monster count
 E = Vault monster count
 F = Vault count percentage of total count
                 A         B        C        D         E       F
            +---------+---------+-------+---------+---------+-------
      Total |      81 |       5 |   5.8 |      31 |       3 |   8.8
            +---------+---------+-------+---------+---------+-------
        D:1 |      20 |       5 |  20.0 |      13 |       3 |  18.8
        D:2 |      23 |       0 |   0.0 |      11 |       0 |   0.0
        D:3 |      38 |       0 |   0.0 |       7 |       0 |   0.0
            +---------+---------+-------+---------+---------+-------
